 Dungeon Crawl Stone Soup version 0.14-a0-736-g2a71271 (webtiles) character file.

14720 Malachi the Martial Artist (level 11, -8/86 HPs)
             Began as a Yellow Draconian Transmuter on Nov 7, 2013.
             Was a High Priest of Kikubaaqudgha.
             Mangled by a centaur warrior (11 damage)
             ... on Level 13 of the Dungeon.
             The game lasted 00:44:41 (15199 turns).

Malachi the Martial Artist (DrTm)                  Turns: 15199, Time: 00:44:41

HP  -8/86        AC  7     Str 16      XL: 11   Next: 82%
MP  10/16        EV 24     Int 20      God: Kikubaaqudgha [*****.]
Gold 757         SH  0     Dex 17      Spells:  5 memorised,  1 level left

Res.Fire  : . . .   See Invis. : .     - Unarmed
Res.Cold  : . . .   Warding    : .   (armour unavailable)
Life Prot.: . . .   Conserve   : .   (no shield)
Res.Poison: .       Res.Corr.  : +   G - -3 wizard hat of the Hippo {Dex+4 Int+4 Acc+4}
Res.Elec. : .       Clarity    : .   y - +1 elf cloak
Sust.Abil.: . .     Spirit.Shd : .   (no gloves)
Res.Mut.  : +       Stasis     : .   o - +0 pair of boots
Res.Rott. : .       Flight     : .   J - amulet of resist mutation
Saprovore : . . .                    m - +4 ring of strength
                                     c - +5 ring of evasion

@: very slightly contaminated, somewhat resistant to hostile enchantments,
fairly stealthy
A: spit acid, acid resistance, unfitting armour, AC +7
a: Spit Acid, Receive Corpses, Torment, Renounce Religion


You were on level 13 of the Dungeon.
You worshipped Kikubaaqudgha.
Kikubaaqudgha was extremely pleased with you.
You were not hungry.

You visited 2 branches of the dungeon, and saw 14 of its levels.

You collected 848 gold pieces.
You spent 91 gold pieces at shops.

Inventory:

Missiles
 b - 82 arrows
 l - 6 arrows of frost
 Q - 4 needles of confusion
Armour
 o - a +0 pair of boots (worn)
 y - a +1 elven cloak (worn)
 G - the -3 wizard hat of the Hippo (worn) {Dex+4 Int+4 Acc+4}
   (You found it on level 7 of the Dungeon)

   It affects your intelligence (+4).
   It affects your dexterity (+4).
   It affects your accuracy (+4).
Magical devices
 D - a wand of draining (11)
 R - a wand of random effects (7)
 V - a wand of fireball (1)
Comestibles
 a - 10 bread rations
 t - 4 meat rations
 x - a chunk of giant frog flesh
 C - an apple
 H - 3 rotting chunks of orc flesh
 M - a beef jerky
Scrolls
 i - a scroll of enchant weapon II
 j - 3 scrolls of fog
 u - 6 scrolls of remove curse
 E - 2 scrolls of enchant armour
 F - 4 scrolls of amnesia
 U - 3 scrolls of identify
Jewellery
 c - a +5 ring of evasion (left hand)
 f - an uncursed ring of poison resistance
 h - an uncursed ring of protection from magic
 k - an uncursed ring of ice
 m - a +4 ring of strength (right hand)
 p - an uncursed ring of see invisible
 s - an uncursed ring of fire
 I - an uncursed ring of sustenance
 J - an amulet of resist mutation (around neck)
Potions
 e - 2 potions of magic
 g - 5 potions of curing
 n - a potion of resistance
 r - 2 potions of speed
 v - a potion of might {unknown}
 z - a potion of heal wounds
 A - 3 potions of restore abilities
 K - a potion of brilliance
 P - a potion of mutation
Books
 d - a book of Changes

   Spells                             Type                      Level
   *Beastly Appendage                 Transmutation                1
   *Sticks to Snakes                  Transmutation                2
   *Spider Form                       Transmutation/Poison         3
   *Ice Form                          Ice/Transmutation            4
   Blade Hands                        Transmutation                5
 q - Kikubaaqudgha's Collected Works on Evil Arts
   (Kikubaaqudgha gifted it to you on level 6 of the Dungeon)

   Spells                             Type                      Level
   Pain                               Necromancy                   1
   Corpse Rot                         Necromancy                   2
   Sublimation of Blood               Necromancy                   2
   *Regeneration                      Charms/Necromancy            3
   Control Undead                     Necromancy                   4
 B - a book of the Earth

   Spells                             Type                      Level
   Dig                                Earth                        4
   Leda's Liquefaction                Hexes/Earth                  4
   Bolt of Magma                      Conjuration/Fire/Earth       5
   Statue Form                        Transmutation/Earth          6
   Iron Shot                          Conjuration/Earth            6
   Shatter                            Earth                        9
 N - Kikubaaqudgha's Catalogue of Black Magic
   (Kikubaaqudgha gifted it to you on level 9 of the Dungeon)

   Spells                             Type                      Level
   Animate Dead                       Necromancy                   4
   Agony                              Necromancy                   5
   Dispel Undead                      Necromancy                   5
   Twisted Resurrection               Necromancy                   5
   Simulacrum                         Ice/Necromancy               6


   Skills:
 + Level 7.1 Fighting
 + Level 9.8 Dodging
 + Level 10.3 Unarmed Combat
 - Level 2.0 Spellcasting
 * Level 8.4 Transmutations
 * Level 6.3 Ice Magic
 - Level 4.0 Poison Magic


You had one spell level left.
You knew the following spells:

 Your Spells              Type           Power        Failure   Level  Hunger
a - Beastly Appendage     Trmt           #####.       1%          1    #......
b - Sticks to Snakes      Trmt           #####.....   1%          2    ##.....
c - Spider Form           Trmt/Pois      ####......   4%          3    ###....
d - Ice Form              Ice/Trmt       ####......   10%         4    #####..
e - Regeneration          Chrm/Necr      #.........   47%         3    ###....


Dungeon Overview and Level Annotations

Branches:
Dungeon (13/27)            Temple (1/1) D:5             Orc (0/4) D:6
   Lair (0/8) D:10

Altars:
Ashenzari
Cheibriados
Elyvilon
Fedhas
Kikubaaqudgha
Makhleb
Nemelex Xobeh
Okawaru
Sif Muna
Trog
Vehumet
Xom
Yredelemnul
Zin
the Shining One

Shops:
D:7 [%[?=   D:12 [   D:13 [


Message History

You are too injured to fight recklessly!
You are too injured to fight recklessly!
You are too injured to fight recklessly!
Use which ability? (? or * to list)
Your transformation has ended.
You fall off the wall.
Your +1 elven cloak unmelds from your body.
The -3 wizard hat of the Hippo {Dex+4 Int+4 Acc+4} unmelds from your body.
You feel clever.
You feel agile.
Your +0 pair of boots unmelds from your body.
The centaur warrior hits you.
* * * LOW HITPOINT WARNING * * *
The centaur completely misses you. The centaur warrior closely misses you.
The centaur warrior hits you.
* * * LOW HITPOINT WARNING * * *
The centaur misses you. The centaur warrior hits you!
* * * LOW HITPOINT WARNING * * *
The centaur warrior hits you!
You die...
Kikubaaqudgha rasps: "You have failed me!
Welcome... death!"

####### ###############.......
#.....(.........###....
####...((.....####.#§#....#
#.............####.###....###
#..........((....>............
........####@####(...........
(.......#..ccc..###.......###
..##....#.⌠.cc⌠.# #.####### #
#....#.......###.# ###
#....+...⌠...+...#######..
#....#.......###..........
#####.⌠...⌠.# #########..
#.......# #.. #+# ###


You could see 2 centaur warriors and 3 centaurs.

Vanquished Creatures
  3 hill giants
  An unseen horror (D:11)
  2 cyclopes
  A komodo dragon (D:12)
  2 trolls
  2 wraiths
  4 yaks (D:12)
  6 sharks
  A merfolk (D:7)
  A hill giant skeleton (D:10)
  2 hippogriffs
  A wyvern (D:10)
  3 manticores
  A steam dragon (D:11)
  A mottled dragon (D:13)
  4 hungry ghosts
  2 sky beasts
  3 orc warriors
  A yellow wasp (D:12)
  A black bear (D:4)
  2 phantoms
  2 ice beasts
  A giant goldfish (D:12)
  4 ogres
  3 centaurs
  A crocodile (D:11)
  4 big kobolds
  A komodo dragon zombie (D:12)
  Blork the orc (D:9)
  9 giant frogs
  A manticore zombie (D:13)
  3 jellyfish (D:12)
  9 wights
  2 eyes of draining
  An electric eel (D:12)
  8 killer bees
  14 crimson imps
  3 goliath beetles
  A centaur skeleton (D:4)
  6 orc priests
  A quasit (D:11)
  5 jellies
  3 big fish
  8 iguanas
  17 orc wizards
  2 hounds
  3 scorpions
  A gnoll shaman (D:5)
  9 worker ants
  4 sheep (D:11)
  Ijyb (D:5)
  A big kobold zombie (D:12)
  An ogre skeleton (D:5)
  8 ogre zombies (D:6)
  A mottled dragon skeleton (D:10)
  7 gnolls
  16 adders
  A giant centipede (D:13)
  2 giant mites
  12 worms
  An iguana zombie (D:6)
  2 scorpion zombies
  4 giant eyeballs
  6 giant geckos
  2 oozes
  39 orcs
  16 bats
  6 giant cockroaches
  13 goblins
  18 hobgoblins
  4 humans (D:6)
  2 jackals (D:2)
  6 quokkas
  2 ball pythons (D:2)
  6 giant newts
  2 giant spores
  4 goblin zombies (D:6)
  6 hobgoblin zombies (D:6)
  34 kobolds
  4 orc skeletons
  12 orc zombies (D:6)
  20 rats
  2 rat skeletons (D:4)
  A ballistomycete (D:12)
433 creatures vanquished.

Vanquished Creatures (collateral kills)
  A big fish (D:12)
  An electric eel (D:12)
2 creatures vanquished.

Vanquished Creatures (others)
  A two-headed ogre (D:13)
  2 killer bees (D:12)
  A jelly (D:13)
  A hound (D:12)
  A quokka (D:9)
  A plant (D:12)
7 creatures vanquished.

Grand Total: 442 creatures vanquished

Notes
Turn   | Place    | Note
--------------------------------------------------------------
     0 | D:1      | Malachi, the Draconian Transmuter, began the quest for the Orb.
     0 | D:1      | Reached XP level 1. HP: 16/16 MP: 1/1
   207 | D:1      | Reached XP level 2. HP: 23/23 MP: 0/3
   217 | D:1      | Learned a level 2 spell: Sticks to Snakes
   902 | D:1      | Reached XP level 3. HP: 26/28 MP: 4/4
   909 | D:1      | Learned a level 3 spell: Spider Form
  1187 | D:2      | Reached skill level 4 in Unarmed Combat
  1423 | D:2      | Reached XP level 4. HP: 35/35 MP: 3/6
  2317 | D:3      | Found a bloodstained altar of Trog.
  2699 | D:4      | Noticed a phantom
  2721 | D:4      | Killed a phantom
  2721 | D:4      | Reached skill level 1 in Poison Magic
  2721 | D:4      | Reached XP level 5. HP: 31/41 MP: 7/7
  2856 | D:4      | Noticed a black bear
  2866 | D:4      | Killed a black bear
  2866 | D:4      | Reached XP level 6. HP: 26/48 MP: 5/9
  3073 | D:4      | Noticed an ogre
  3084 | D:4      | Reached skill level 5 in Unarmed Combat
  3091 | D:4      | Killed an ogre
  3270 | D:4      | Your scales start taking on a golden yellow colour.
  3270 | D:4      | Reached XP level 7. HP: 55/55 MP: 10/10
  3494 | D:4      | Learned a level 4 spell: Ice Form
  3929 | D:5      | Entered Level 5 of the Dungeon
  3940 | D:5      | Noticed Ijyb
  4241 | D:5      | Killed Ijyb
  5043 | D:5      | Found a staircase to the Ecumenical Temple.
  5072 | Temple   | Entered the Ecumenical Temple
  5126 | Temple   | Became a worshipper of Kikubaaqudgha
  5283 | D:5      | Found an iron altar of Okawaru.
  5405 | D:5      | Reached XP level 8. HP: 50/62 MP: 9/12
  5814 | D:6      | Reached skill level 5 in Dodging
  5834 | D:6      | Reached skill level 6 in Unarmed Combat
  6228 | D:6      | Found a staircase to the Orcish Mines.
  6390 | D:6      | Noticed a hill giant
  6419 | D:6      | Killed a hill giant
  6419 | D:6      | Reached skill level 5 in Transmutations
  6652 | D:6      | Reached XP level 9. HP: 59/69 MP: 10/13
  6744 | D:6      | Acquired Kikubaaqudgha's first power
  6744 | D:6      | Received a gift from Kikubaaqudgha
  6747 | D:6      | Identified Kikubaaqudgha's Collected Works on Evil Arts (Kikubaaqudgha gifted it to you on level 6 of the Dungeon)
  6833 | D:6      | Reached skill level 7 in Unarmed Combat
  6975 | D:6      | Reached skill level 1 in Ice Magic
  7153 | D:6      | Noticed a human
  7162 | D:6      | Killed a human
  7460 | D:7      | Found Sagguc's Armour Emporium.
  7465 | D:7      | Bought a +1 elven cloak for 91 gold pieces
  7492 | D:7      | Found Sauvvaq's Antique Armour Boutique.
  7564 | D:7      | Found Bunyugy's Food Boutique.
  7629 | D:7      | Found Qijavela's Jewellery Boutique.
  7640 | D:7      | Got a heavily runed wizard hat
  7643 | D:7      | Identified the cursed -3 wizard hat of the Hippo {Dex+4 Int+4 Acc+4} (You found it on level 7 of the Dungeon)
  7938 | D:7      | Reached skill level 5 in Fighting
  8350 | D:7      | Reached skill level 8 in Unarmed Combat
  8534 | D:7      | Reached XP level 10. HP: 45/78 MP: 13/15
  8907 | D:7      | Found Utaod's Magic Scroll Emporium.
  9183 | D:8      | Acquired Kikubaaqudgha's second power
  9450 | D:8      | Found a burning altar of Makhleb.
  9452 | D:8      | Noticed an Executioner
  9493 | D:8      | Found a snail-covered altar of Cheibriados.
 10100 | D:9      | Noticed Blork the orc
 10114 | D:9      | Killed Blork the orc
 10918 | D:9      | Received a gift from Kikubaaqudgha
 10921 | D:9      | Identified Kikubaaqudgha's Catalogue of Black Magic (Kikubaaqudgha gifted it to you on level 9 of the Dungeon)
 10951 | D:10     | Entered Level 10 of the Dungeon
 11390 | D:10     | Reached skill level 9 in Unarmed Combat
 11795 | D:10     | Noticed a hill giant
 11839 | D:10     | Killed a hill giant
 11839 | D:10     | Reached XP level 11. HP: 85/85 MP: 16/16
 11918 | D:10     | Found a staircase to the Lair.
 12031 | D:11     | Reached skill level 5 in Ice Magic
 12168 | D:11     | Acquired Kikubaaqudgha's third power
 12174 | D:11     | HP: 1/102 [something (9)]
 12284 | D:11     | Noticed an unseen horror
 12294 | D:11     | Killed an unseen horror
 12970 | D:11     | Noticed a hill giant
 12980 | D:11     | Killed a hill giant
 13035 | D:11     | Learned a level 3 spell: Regeneration
 13935 | D:12     | Reached skill level 10 in Unarmed Combat
 14028 | D:12     | Paralysed by a giant eyeball for 3 turns
 14330 | D:12     | Found Mimentisch's Armour Boutique.
 14658 | D:12     | Paralysed by a giant eyeball for 3 turns
 14665 | D:12     | Paralysed by a giant eyeball for 3 turns
 14672 | D:12     | Acquired Kikubaaqudgha's fourth power
 14748 | D:13     | Found Vageh's Antique Armour Shop.
 15187 | D:13     | Noticed a centaur warrior
 15190 | D:13     | Noticed a centaur warrior
 15199 | D:13     | HP: 3/86 [centaur warrior (8)]
 15199 | D:13     | Mangled by a centaur warrior

Action                   |  1- 3 |  4- 6 |  7- 9 | 10-12 || total
-------------------------+-------+-------+-------+-------++-------
Melee: Unarmed           |   169 |   158 |   610 |   870 ||  1807
 Cast: Beastly Appendage |     6 |    13 |    19 |    36 ||    74
       Spider Form       |       |     3 |    26 |    22 ||    51
       Ice Form          |       |       |       |     6 ||     6
 Abil: End Transformatio |       |     2 |    14 |    21 ||    37
       Spit Acid         |       |       |    17 |     8 ||    25
Evoke: Wand              |       |       |     1 |     4 ||     5
  Use: Scroll            |     4 |     6 |    16 |    12 ||    38
       Potion            |       |       |     4 |     3 ||     7
 Stab: Sleeping          |     1 |       |       |     6 ||     7
       Distracted        |       |       |       |     1 ||     1
       Fleeing           |       |       |       |     1 ||     1
